 Dungeon Crawl Stone Soup version 0.30.0-11-gf55b779eaf (webtiles) character file.

Game seed: 10535896305070619488

122171 croobank the Scholar (level 16, -11/132 HPs)
             Began as a Demonspawn Fire Elementalist on May 16, 2023.
             Was an Elder of Sif Muna.
             Mangled by an anaconda (12 damage)
             ... led by a naga ritualist
             ... on level 1 of the Snake Pit on May 17, 2023.
             The game lasted 03:02:51 (31838 turns).

croobank the Scholar (DsFE)                        Turns: 31838, Time: 03:02:51

Health: -11/132    AC: 12    Str:  9    XL:     16   Next: 34%
Magic:  0/9        EV: 15    Int: 34    God:    Sif Muna [****..]
Gold:   114        SH:  0    Dex: 14    Spells: 0/33 levels left

rFire   . . .        b - +0 arbalest (antimagic)
rCold   . . .        (shield currently unavailable)
rNeg    . . .        v - +4 troll leather armour {Pargi}
rPois   .            e - +2 helmet
rElec   .            j - -1 cloak of Lesser Demons {rPois Int+4}
rCorr   .            (no gloves)
SInv    .            (boots unavailable)
Will    ++...        F - amulet of regeneration
Stlth   ++++         P - +6 ring of intelligence
HPRegen 2.02/turn    Y - ring of willpower
MPRegen 0.22/turn

%: guardian spirit
@: lethally poisoned (-11 -> -12), poison vulnerable, constricted, studying
Stealth
A: hooves 3, repulsion field 2, robust 1, magic shield, magic regeneration,
demonic magic 2
a: Renounce Religion, Channel Magic, Forget Spell, Divine Exegesis


You were on level 1 of the Snake Pit.
You worshipped Sif Muna.
Sif Muna was greatly pleased with you.
You visited 5 branches of the dungeon, and saw 24 of its levels.
You also visited: Sewer, Gauntlet and Volcano.

You collected 2470 gold pieces.
You spent 2356 gold pieces at shops.

Inventory:

Hand Weapons
 a - the +12 pair of quick blades "Gyre" and "Gimble" {protect}
   (You found it on level 5 of the Lair of Beasts)
 b - a +0 antimagic arbalest (weapon)
 h - a +4 short sword of speed
 E - the +5 dagger "Tapiux" {heavy, rCorr Dex+4}
   (You found it on level 7 of the Dungeon)

   Dex:       It affects your dexterity (+4).
   rCorr:     It protects you from acid and corrosion.
Missiles
 u - 9 curare-tipped darts
 M - 2 throwing nets
 T - 3 atropa-tipped darts
Armour
 e - a +2 helmet (worn)
 j - the -1 cloak of Lesser Demons (worn) {rPois Int+4}
   (You acquired it on level 8 of the Dungeon)

   Int:       It affects your intelligence (+4).
   rPois:     It protects you from poison.
 v - a +4 troll leather armour (worn) {Pargi}
 A - a scarf of repulsion
 H - a +2 robe of fire resistance
 R - a +0 cloak of fire resistance
Jewellery
 n - a ring of resist corrosion
 q - a ring of ice
 F - an amulet of regeneration (around neck)
 I - a +4 ring of protection
 O - a +6 ring of strength
 P - a +6 ring of intelligence (left hand)
 Y - a ring of willpower (right hand)
Wands
 o - a wand of digging (4)
 Q - a wand of iceblast (13)
 W - a wand of flame (26)
 Z - a wand of mindburst (5)
Scrolls
 i - 2 scrolls of vulnerability
 p - 6 scrolls of fog
 s - 4 scrolls of fear
 y - 8 scrolls of teleportation
 D - 2 scrolls of magic mapping
 G - 2 scrolls of immolation
 N - a scroll of butterflies
 S - 3 scrolls of silence
 X - a scroll of amnesia
Potions
 c - a potion of magic
 f - a potion of heal wounds
 g - a potion of resistance
 k - 9 potions of mutation
 l - 4 potions of brilliance
 m - 4 potions of ambrosia
 r - a potion of cancellation
 t - 3 potions of flight
 x - 5 potions of curing
 B - 2 potions of invisibility
 C - 2 potions of attraction
 K - a potion of haste
 U - 2 potions of lignification
 V - a potion of might
Miscellaneous
 d - a phial of floods
 z - a lightning rod (2/4)
 J - a condenser vane


   Skills:
 + Level 9.6 Fighting
 - Level 10.0 Short Blades
 - Level 4.0 Armour
 + Level 9.1 Dodging
 + Level 9.8 Stealth
 - Level 4.9 Shields
 + Level 9.1 Spellcasting
 + Level 9.8 Conjurations
 - Level 5.0 Hexes
 * Level 7.7 Summonings
 + Level 9.4 Fire Magic
 * Level 6.5 Air Magic
 - Level 6.4 Poison Magic
 + Level 10.2 Invocations


You couldn't memorise any spells.
You knew the following spells:

 Your Spells              Type           Power      Damage    Failure   Level
a - Foxfire               Conj/Fire      100%       2x1d9     1%          1
b - Scorch                Fire           100%       2d9       1%          2
c - Inner Flame           Hex/Fire       59%        N/A       1%          3
d - Flame Wave            Conj/Fire      69%        2d16      1%          4
e - Poisonous Vapours     Pois/Air       100%       N/A       1%          2
f - Olgreb's Toxic Radia  Pois           56%        N/A       2%          4
g - Fulminant Prism       Conj/Hex       30%        3d15      1%          4
h - Summon Guardian Gole  Hex/Summ       56%        N/A       1%          3
i - Summon Lightning Spi  Summ/Air       59%        N/A       2%          4
j - Iskenderun's Mystic   Conj/Tloc      48%        2d11      5%          4
k - Blink                 Tloc           30%        N/A       6%          2

Your spell library contained the following spells:

 Spells                   Type           Power      Damage    Failure   Level
 Kiss of Death            Conj/Necr      100%       2d13      1%          1
 Magic Dart               Conj           100%       1d8       1%          1
 Sting                    Tmut/Pois      100%       1d8       1%          1
 Summon Small Mammal      Summ           100%       N/A       1%          1
 Call Imp                 Summ           100%       N/A       1%          2
 Cigotuvi's Dreadful Rot  Necr/Pois/Air  88%        N/A       1%          2
 Momentum Strike          Conj/Tloc      96%        3d10      1%          2
 Searing Ray              Conj           100%       2d8       1%          2
 Static Discharge         Conj/Air       100%       2-7/arc   1%          2
 Call Canine Familiar     Summ           61%        N/A       1%          3
 Confusing Touch          Hex            49%        N/A       1%          3
 Dazzling Flash           Conj/Hex       100%       N/A       1%          3
 Ignite Poison            Fire/Tmut/Pois 50%        N/A       1%          3
 Mephitic Cloud           Conj/Pois/Air  61%        N/A       1%          3
 Volatile Blastmotes      Fire/Tloc      94%        2d17      1%          3
 Iskenderun's Battlesphe  Conj           70%        2d12      1%          5
 Airstrike                Air            28%        2d(4-20)  2%          4
 Fireball                 Conj/Fire      34%        3d14      2%          5
 Apportation              Tloc           30%        N/A       4%          1
 Necrotise                Necr           60%        1d7       4%          1
 Portal Projectile        Hex/Tloc       64%        N/A       4%          3
 Lesser Beckoning         Tloc           30%        N/A       6%          2
 Sublimation of Blood     Necr           15%        N/A       6%          2
 Wereblood                Tmut           15%        N/A       6%          2
 Summon Ice Beast         Ice/Summ       41%        N/A       9%          4
 Summon Mana Viper        Hex/Summ       56%        N/A       9%          5
 Silence                  Hex/Air        26%        N/A       11%         5
 Gell's Gravitas          Tloc           15%        N/A       12%         3
 Teleport Other           Tloc           15%        N/A       12%         3
 Vampiric Draining        Necr           15%        2d7       12%         3
 Anguish                  Hex/Necr       16%        N/A       14%         4
 Irradiate                Conj/Tmut      24%        3d19      14%         5
 Plasma Beam              Fire/Air       31%        2x1d48    24%         6
 Summon Cactus Giant      Summ           30%        N/A       26%         6
 Dispel Undead            Necr           15%        3d10      36%         4
 Passage of Golubria      Tloc           15%        N/A       36%         4
 Petrify                  Tmut/Erth      15%        N/A       36%         4
 Orb of Destruction       Conj           35%        9d10      52%         7
 Spellforged Servitor     Conj/Summ      33%        N/A       67%         7
 Agony                    Necr           15%        N/A       73%         5
 Monstrous Menagerie      Summ           30%        N/A       82%         7
 Summon Hydra             Summ           30%        N/A       82%         7
 Haunt                    Necr/Summ      20%        N/A       100%        7
 Storm Form               Tmut/Air       18%        N/A       100%        7
 Lehudib's Crystal Spear  Conj/Erth      24%        10d7      100%        8


Dungeon Overview and Level Annotations

Branches:
Dungeon (15/15)            Temple (1/1) D:6            Lair (5/5) D:9
 Shoals (0/4) Lair:3        Snake (1/4) Lair:3        Slime (0/5) Lair:4
    Orc (2/2) D:10            Elf (0/3) Orc:2        Vaults (0/5) D:14
 Depths (0/4) D:15          Sewer (visited)         Volcano (visited)
Gauntlet (visited)

Altars:
Ashenzari
Cheibriados
Dithmenos
Fedhas
Gozag
Hepliaklqana
Kikubaaqudgha
Makhleb
Nemelex Xobeh
Okawaru
Qazlal
Ru
Sif Muna
Trog
Uskayaw
Vehumet
Wu Jian
Xom
Yredelemnul
Jiyva

Shops:
Orc:1 (   Orc:2 ([*:

Annotations:
Orc:1 3 runed translucent doors, JanusIIV's ghost, journeyman GrBe


Innate Abilities, Weirdness & Mutations

You have hooves in place of feet.
You are surrounded by a moderate repulsion field. (EV +3)
You are robust. (+10% HP)
When hurt, damage is shared between your health and your magic reserves.
You regenerate magic rapidly.
Spells you cast may paralyse nearby enemies.


Message History

You are more poisoned.
The black mamba bites your lightning spire!
The anaconda closely misses you. The anaconda constricts you.
Your lightning spire shoots out a bolt of lightning at the black mamba!
The bolt of electricity hits the black mamba!!
The black mamba dies!
Sif Muna accepts your kill.
The naga ritualist hits you with a +0 dire flail!
* * * LOW HITPOINT WARNING * * *
The anaconda bites you but does no damage.
The anaconda constricts you.
* * * LOW HITPOINT WARNING * * *
Okay, then.
Okay, then.
Okay, then.
Unknown command.
You feel much better.
You feel very sick.
* * * LOW HITPOINT WARNING * * *
You are more poisoned.
The black mamba bites you!
* * * LOW HITPOINT WARNING * * *
The anaconda barely misses you. The anaconda constricts you.
* * * LOW HITPOINT WARNING * * *
Your lightning spire shoots out a bolt of lightning at the black mamba!
The bolt of electricity hits the black mamba!
The naga ritualist hits you with a +0 dire flail!
* * * LOW HITPOINT WARNING * * *
You feel much better.
You feel very sick.
* * * LOW HITPOINT WARNING * * *
You are more poisoned.
The black mamba bites you!
* * * LOW HITPOINT WARNING * * *
The anaconda bites you.
* * * LOW HITPOINT WARNING * * *
The anaconda constricts you.
The black mamba bites you but does no damage.
The naga ritualist closely misses you. The anaconda bites you!
You die...

#........# #.#.....
#........# #.#.....
##........#######.#.###.
#..............##.#####.
#..........###).#.......
#.........))............
#.........###)...(......
#.....SSN.######.N######
..>#..8@9............
################.# ...
..# #..


You could see an anaconda, a naga ritualist (toxic aura, ally target), a black
mamba (ally target), a friendly guardian golem (summoned) and a friendly
lightning spire (summoned, sheltered).

Vanquished Creatures
  Gastronok (D:9)
  Donald (Snake:1)
  A frost giant (D:15)
  Louise (D:14)
  2 orc warlords
  An ironbound preserver (D:14)
  Snorg (D:11)
  Josephine (Orc:1)
  A fire dragon (D:15)
  Fannar (D:11)
  A great orb of eyes (D:15)
  A yaktaur captain (D:15)
  A rakshasa (D:15)
  6 hydras
  An ogre mage (Orc:1)
  A catoblepas (Lair:3)
  2 boulder beetles
  A merfolk avatar (Lair:5)
  9 centaur warriors
  2 naga warriors (Snake:1)
  A dancing weapon (Orc:2)
  7 two-headed ogres
  4 orc high priests (Orc:2)
  Amaemon (D:8)
  A fire crab (shapeshifter) (D:13)
  4 sea snakes (Lair:5)
  4 skysharks
  A glowing orange brain (shapeshifter) (D:15)
  6 skeletal warriors
  Pikel (D:9)
  A deep elf archer (D:15)
  3 orc knights
  A harpy (Lair:5)
  A lindwurm (Lair:3)
  2 deep elf pyromancers (D:14)
  A wolf spider (D:15)
  6 cyclopes
  4 orc sorcerers
  3 manticores
  A salamander (Snake:1)
  14 ugly things
  A salamander (shapeshifter) (D:15)
  14 elephants
  Joseph (D:8)
  3 naga magi (Snake:1)
  5 black mambas
  2 guardian serpents
  A black mamba (shapeshifter) (D:13)
  A torpor snail (Lair:2)
  An orange demon (D:8)
  9 cane toads
  2 gargoyles
  Psyche (D:8)
  An efreet (D:14)
  4 rime drakes
  A yaktaur (D:15)
  9 komodo dragons
  4 trolls
  4 meliai (D:14)
  2 hornets
  3 polar bears
  Prince Ribbit (D:9)
  3 blink frogs (Lair:2)
  12 dream sheep
  3 flying skulls (Volcano)
  2 shadows
  21 slime creatures
  3 water elementals (D:15)
  7 wraiths
  A vampire (D:14)
  A spriggan (shapeshifter) (D:14)
  62 yaks
  An alligator skeleton (Volcano)
  4 wyverns
  4 basilisks
  3 steam dragons
  A redback (D:15)
  12 vampire mosquitoes
  6 nagas
  4 wargs
  6 acid dragons
  9 water moccasins
  Duvessa (D:7)
  Pargi (Sewer)
  3 sky beasts (D:6)
  36 orc warriors
  A black bear (Lair:2)
  2 ice beasts
  8 ogres
  6 centaurs
  6 wolves (Lair:1)
  A lemure (D:9)
  A phantom (D:4)
  8 kobold brigands
  15 bullfrogs
  A gnoll sergeant (D:9)
  A scorpion (D:5)
  6 wights
  Dowan (D:7)
  3 killer bees (D:9)
  4 electric eels (D:15)
  3 spriggan skeletons (Volcano)
  3 jellies
  3 hounds
  2 gnoll boudas
  20 orc priests
  2 sleepcaps
  3 iguanas
  28 orc wizards
  5 adders
  13 gnolls
  A shadow imp (D:7)
  4 white imps
  An ufetubus (D:6)
  A worm (D:5)
  2 dart slugs
  74 orcs
  6 endoplasms
  2 giant cockroaches
  4 goblins
  8 hobgoblins
  2 jackals (D:4)
  43 kobolds
  4 quokkas
  10 ball pythons
  4 bats
  7 frilled lizards
  7 rats
  A butterfly (Lair:3)
706 creatures vanquished.

Vanquished Creatures (collateral kills)
  A two-headed ogre (Orc:1)
  Urug (Orc:2)
  An orc high priest (Orc:2)
  2 black mambas (Snake:1)
  A gargoyle (Volcano)
  3 dream sheep (Lair:5)
  An alligator skeleton (Volcano)
  A wraith (Orc:1)
  A basilisk (Lair:4)
  A vampire mosquito (D:15)
  2 wargs (Orc:1)
  2 nagas (Lair:3)
  3 orc warriors (Orc:2)
  A gnoll sergeant (Orc:2)
  An orc priest (Orc:2)
  An orc wizard (Orc:2)
  6 orcs (Orc:2)
  13 foxfires
42 creatures vanquished.

Vanquished Creatures (others)
  An ettin (Orc:1)
  The ghost of Edyrem the Spear-Bearer, a journeyman MfGl of Okawaru (D:10)
  3 hydras
  2 boulder beetles
  A naga warrior (Snake:1)
  An orc high priest (Orc:2)
  2 skysharks (Lair:5)
  An orc knight (Orc:2)
  2 ugly things
  2 gargoyles (Volcano)
  2 orc warriors
  An ogre (Orc:1)
  An orc priest (Orc:1)
  An orc wizard (Orc:1)
  870 foxfires
  11 fulminant prisms
902 creatures vanquished.

Grand Total: 1650 creatures vanquished

Notes
Turn   | Place    | Note
-------+----------+-------------------------------------------
     0 | D:1      | croobank the Demonspawn Fire Elementalist began the quest
                  | for the Orb.
     0 | D:1      | Reached XP level 1. HP: 13/13 MP: 3/3
   137 | D:1      | Gained mutation: Spells you cast may paralyse adjacent
                  | enemies. [demonic ancestry]
   137 | D:1      | Reached XP level 2. HP: 19/19 MP: 1/5
   140 | D:1      | Learned a level 2 spell: Scorch
   597 | D:1      | Found a faded altar of an unknown god.
   953 | D:2      | Gained mutation: You regenerate magic rapidly. [demonic
                  | ancestry]
   953 | D:2      | Reached XP level 3. HP: 25/25 MP: 0/6
   957 | D:2      | Learned a level 3 spell: Inner Flame
  1354 | D:2      | Reached skill level 1 in Fighting
  1688 | D:3      | Gained mutation: You are surrounded by a mild repulsion
                  | field. (EV +2) [demonic ancestry]
  1688 | D:3      | Reached XP level 4. HP: 26/32 MP: 0/7
  2323 | D:4      | Noticed a phantom
  2328 | D:4      | Gained mutation: You have large cloven feet. [demonic
                  | ancestry]
  2328 | D:4      | Reached XP level 5. HP: 34/37 MP: 3/9
  2331 | D:4      | Killed a phantom
  2416 | D:4      | Found a glowing drain.
  2435 | Sewer    | Entered a sewer
  2497 | Sewer    | Noticed Pargi
  2501 | Sewer    | Killed Pargi
  2502 | Sewer    | Reached XP level 6. HP: 41/44 MP: 3/10
  3348 | D:5      | Entered Level 5 of the Dungeon
  3471 | D:5      | Gained mutation: You are surrounded by a moderate repulsion
                  | field. (EV +3) [demonic ancestry]
  3471 | D:5      | Reached XP level 7. HP: 51/51 MP: 7/11
  3778 | D:5      | Reached skill level 5 in Fighting
  3778 | D:5      | Reached skill level 5 in Dodging
  3778 | D:5      | Reached skill level 5 in Stealth
  3778 | D:5      | Reached skill level 5 in Spellcasting
  3778 | D:5      | Reached skill level 5 in Conjurations
  3778 | D:5      | Reached skill level 5 in Fire Magic
  3778 | D:5      | Gained mutation: When hurt, damage is shared between your
                  | health and your magic reserves. [demonic ancestry]
  3778 | D:5      | Reached XP level 8. HP: 62/62 MP: 12/16
  3779 | D:5      | Reached XP level 9. HP: 68/68 MP: 12/17
  4525 | D:6      | Found an ornate altar of the Wu Jian Council.
  4729 | D:6      | Found a staircase to the Ecumenical Temple.
  4739 | Temple   | Entered the Ecumenical Temple
  4837 | Temple   | Became a worshipper of Sif Muna the Loreminder
  5148 | D:5      | Learned a level 4 spell: Flame Wave
  5835 | D:7      | Reached * piety under Sif Muna
  5952 | D:7      | Learned a level 2 spell: Poisonous Vapours
  5957 | D:7      | Learned a level 4 spell: Olgreb's Toxic Radiance
  6252 | D:7      | Noticed Duvessa
  6253 | D:7      | Noticed Dowan
  6264 | D:8      | Reached skill level 1 in Invocations
  6264 | D:8      | Noticed Psyche
  6278 | D:8      | Killed Psyche
  6279 | D:8      | Gained mutation: You have hoof-like feet. [demonic
                  | ancestry]
  6279 | D:8      | Reached XP level 10. HP: 31/74 MP: 8/18
  6462 | D:8      | Identified a scroll of acquirement
  6462 | D:8      | Acquired the -1 cloak of Lesser Demons {rPois Int+4}
  6526 | D:7      | Killed Duvessa
  6531 | D:7      | Killed Dowan
  6743 | D:7      | Identified the +5 dagger "Tapiux" {heavy, rCorr Dex+4}
  6992 | D:8      | Identified the +6 chain mail "Gucsus" {+Inv}
  7021 | D:8      | Found a sparkling altar of Nemelex Xobeh.
  7212 | D:8      | Found a runed translucent door.
  7322 | D:8      | Noticed Amaemon
  7323 | D:8      | Noticed Joseph
  7457 | D:8      | Noticed an orange demon
  7463 | D:8      | Killed Amaemon
  7466 | D:8      | Killed an orange demon
  7745 | D:8      | Reached ** piety under Sif Muna
  7963 | D:9      | Noticed Prince Ribbit
  7969 | D:9      | Killed Prince Ribbit
  8166 | D:9      | Noticed Pikel
  8175 | D:9      | Killed Pikel
  8176 | D:9      | Noticed Gastronok
  8190 | D:9      | Killed Gastronok
  8191 | D:9      | Gained mutation: You are robust. (+10% HP) [demonic
                  | ancestry]
  8191 | D:9      | Reached XP level 11. HP: 26/89 MP: 0/19
  8300 | D:9      | Reached skill level 5 in Hexes
  8357 | D:9      | Noticed a centaur warrior
  8376 | D:9      | Noticed a skeletal warrior
  8389 | D:9      | Noticed a brown ugly thing
  8645 | D:9      | Learned a level 4 spell: Fulminant Prism
  8721 | D:9      | Killed a centaur warrior
  8743 | D:10     | Entered Level 10 of the Dungeon
  8809 | D:9      | Killed a brown ugly thing
  9082 | D:9      | Reached *** piety under Sif Muna
  9170 | D:9      | Killed a skeletal warrior
  9416 | D:9      | Found a staircase to the Lair.
  9945 | D:10     | Found a runed translucent gate.
  9945 | D:10     | Found a runed translucent gate.
  9945 | D:10     | Found a runed translucent gate.
  9953 | D:10     | Found an opulent altar of Gozag.
  9955 | D:10     | Noticed a six-headed hydra
  9956 | D:10     | Noticed a centaur warrior
  9956 | D:10     | Noticed Edyrem's ghost (journeyman MfGl)
  9979 | D:10     | Found a staircase to the Orcish Mines.
 10072 | D:10     | Found a stormy altar of Qazlal.
 10105 | D:10     | Found a sacrificial altar of Ru.
 10449 | D:10     | Noticed a two-headed ogre
 10456 | D:10     | Killed a two-headed ogre
 10457 | D:10     | Noticed a two-headed ogre
 10465 | D:10     | Killed a two-headed ogre
 10648 | D:10     | Learned a level 3 spell: Summon Guardian Golem
 10900 | D:11     | Noticed Snorg
 10914 | D:11     | Reached XP level 12. HP: 47/97 MP: 2/21
 10924 | D:11     | Killed Snorg
 10925 | D:11     | Reached skill level 5 in Invocations
 11028 | D:11     | Reached skill level 1 in Summonings
 11033 | D:11     | Reached **** piety under Sif Muna
 11366 | D:11     | Noticed a two-headed ogre
 11376 | D:11     | Killed a two-headed ogre
 11437 | D:11     | Noticed Fannar
 11456 | D:11     | Killed Fannar
 12032 | D:11     | Noticed a boulder beetle
 12082 | D:11     | Killed a boulder beetle
 12350 | D:12     | Found a gate leading to a gauntlet.
 12450 | Gauntlet | Entered a Gauntlet
 12450 | Gauntlet | Noticed a death scarab
 12450 | Gauntlet | Found a transporter.
 12450 | Gauntlet | Found a transporter.
 12450 | Gauntlet | Found a transporter.
 12456 | Gauntlet | Noticed a death scarab
 12479 | Gauntlet | Found a transporter.
 12634 | Gauntlet | Found a transporter.
 12652 | Gauntlet | Found a transporter.
 12666 | Gauntlet | Found a transporter.
 12683 | Gauntlet | Found a transporter.
 12689 | Gauntlet | Found a transporter.
 12703 | Gauntlet | Found a transporter.
 12703 | Gauntlet | Noticed a green death
 12720 | Gauntlet | Found a transporter.
 12724 | Gauntlet | Found a transporter.
 12982 | D:12     | Reached skill level 10 in Short Blades
 13042 | D:12     | Identified the +1 chain mail of Gluttony {Int+4}
 13391 | D:12     | Noticed a boulder beetle
 13412 | D:12     | Killed a boulder beetle
 13897 | D:10     | Killed a centaur warrior
 13897 | D:10     | Killed a six-headed hydra
 13898 | D:10     | Reached skill level 1 in Poison Magic
 13938 | D:10     | Killed Edyrem's ghost
 14861 | D:13     | Noticed a seven-headed hydra
 14866 | D:13     | Reached XP level 13. HP: 100/105 MP: 23/23
 15182 | D:13     | Found a blossoming altar of Fedhas.
 16692 | Lair:1   | Entered Level 1 of the Lair of Beasts
 16875 | Lair:1   | Identified the +4 kite shield "Tutiw" {Will- Regen+ SInv}
 17508 | Lair:2   | Reached ***** piety under Sif Muna
 17671 | Lair:2   | Learned a level 4 spell: Summon Lightning Spire
 17743 | Lair:2   | Reached skill level 1 in Shields
 18016 | Lair:2   | Reached skill level 5 in Poison Magic
 18095 | Lair:2   | Received a gift from Sif Muna
 18096 | Lair:2   | Got Sif Muna's Commentary on Glamour and the Familiar {god
                  | gift}
 18784 | Lair:3   | Found a staircase to the Shoals.
 18912 | Lair:3   | Found a dark tunnel.
 18942 | Volcano  | Entered a volcano
 19094 | Volcano  | Reached skill level 1 in Air Magic
 19125 | Volcano  | Gained mutation: Spells you cast may paralyse nearby
                  | enemies. [demonic ancestry]
 19125 | Volcano  | Reached XP level 14. HP: 99/115 MP: 2/25
 19995 | Lair:3   | Found a staircase to the Snake Pit.
 21018 | Lair:4   | Found a viscous altar of Jiyva.
 21018 | Lair:4   | Found a staircase to the Slime Pits.
 21726 | Lair:5   | Entered Level 5 of the Lair of Beasts
 21816 | Lair:5   | Received a gift from Sif Muna
 21829 | Lair:5   | Found the +12 pair of quick blades "Gyre" and "Gimble"
                  | {protect}
 21870 | Lair:5   | Got Sif Muna's Grimoire of Ruinous Glamour {god gift}
 22506 | Lair:5   | Reached skill level 5 in Summonings
 22869 | Orc:1    | Entered Level 1 of the Orcish Mines
 22892 | Orc:1    | Noticed an orc warlord
 22912 | Orc:1    | Killed an orc warlord
 22913 | Orc:1    | Reached XP level 15. HP: 110/123 MP: 0/27
 23360 | Orc:1    | Found a runed translucent gate.
 23360 | Orc:1    | Found a runed translucent gate.
 23360 | Orc:1    | Found a runed translucent gate.
 23360 | Orc:1    | Noticed JanusIIV's ghost (journeyman GrBe)
 23361 | Orc:1    | Found an iron altar of Okawaru.
 23611 | Orc:1    | Found Toshodyu's Antique Weapon Emporium.
 23729 | Orc:2    | Entered Level 2 of the Orcish Mines
 23861 | Orc:2    | Noticed Urug
 23870 | Orc:2    | Killed Urug
 23953 | Orc:2    | Found a staircase to the Elven Halls.
 24284 | Orc:1    | Noticed Josephine
 24297 | Orc:1    | Killed Josephine
 24323 | Orc:1    | Paralysed by an ogre mage for 3 turns
 24329 | Orc:1    | Received a gift from Sif Muna
 24330 | Orc:1    | Got Sif Muna's Papyrus of Ceraunoscopy and Production {god
                  | gift}
 25848 | Orc:2    | Reached skill level 5 in Air Magic
 25959 | Orc:2    | Found Pugitof's General Store.
 25960 | Orc:2    | Found Xifuap's Book Shop.
 25962 | Orc:2    | Found Veylausm's Antique Armour Boutique.
 25962 | Orc:2    | Found Udag's Antique Weapon Boutique.
 25967 | Orc:2    | Bought a potion of cancellation for 144 gold pieces
 25968 | Orc:2    | Bought a book of Beasts for 532 gold pieces
 25968 | Orc:2    | Bought a book of Touch for 308 gold pieces
 25968 | Orc:2    | Bought a book of Spatial Translocations for 252 gold pieces
 26520 | D:14     | Noticed Louise
 26528 | D:14     | Received a gift from Sif Muna
 26531 | D:14     | Killed Louise
 26634 | D:14     | Got Sif Muna's Discourse on Toxicants and Coordinates {god
                  | gift}
 26659 | D:14     | Found a gate to the Vaults.
 27109 | D:15     | Entered Level 15 of the Dungeon
 27716 | D:15     | Identified the +1 leather armour of Indemnity {Contam +Inv
                  | SInv}
 27812 | D:15     | Learned a level 4 spell: Iskenderun's Mystic Blast
 27933 | D:15     | Gained mutation: You have hooves in place of feet. [demonic
                  | ancestry]
 27933 | D:15     | Reached XP level 16. HP: 96/132 MP: 8/28
 28130 | D:15     | Reached skill level 10 in Invocations
 28705 | D:15     | Found a staircase to the Depths.
 29444 | D:8      | Killed Joseph
 29639 | Snake:1  | Entered Level 1 of the Snake Pit
 29660 | Snake:1  | Noticed Donald
 29680 | Snake:1  | Killed Donald
 30753 | Lair:3   | Learned a level 2 spell: Blink
 31418 | Orc:2    | Bought a manual of Stealth for 1120 gold pieces
 31837 | Snake:1  | HP: 1/132 [naga ritualist/+0 dire flail (12)]
 31838 | Snake:1  | Mangled by an anaconda

Illustrated notes

Levels and vault maps discovered:
D:1:      amcnicky_arrival_wind_blow, layout_basic,
          chequers_ecumenical_altar_twisty
D:2:      layout_rooms, minmay_pentomino_q4
D:3:      layout_rooms
D:4:      layout_loops_ring, portal_sewer_entry_a, moated_statue
D:5:      layout_loops_corners
D:6:      layout_loops_corners, mainiacjoe_overflow_small_starburst,
          minmay_temple_entry_junction_2, kennysheep_generic_room_8
D:7:      layout_rooms, hangedman_decor_riveting, uniq_duvessa
D:8:      layout_cave_pools, mainiacjoe_overflow_surrounded_room,
          lightli_church_of_beogh, uniq_amaemon, uniq_psyche, uniq_joseph
D:9:      layout_long_grid, lair_entry_dummy, minmay_tree_intersection,
          minmay_fractal_squares_gapless_7, uniq_pikel, uniq_prince_ribbit1,
          uniq_gastronok
D:10:     layout_rooms, nicolae_overflow_hidden_temple,
          mainiacjoe_overflow_catwalk_spiral, minmay_orc_entry_temple_small,
          ebering_ghost_gozag
D:11:     layout_layer_cave, uniq_fannar, uniq_snorg
D:12:     layout_cave_pods, gauntlet_entry_generic,
          nrook_guardian_serpent_double
D:13:     layout_layer_cave, fedhas_bush_and_centaur_altar
D:14:     layout_basic, skrybe_vaults_entry_preservation, grunt_ogre_cave,
          uniq_louise
D:15:     gammafunk_enter_depths_forms, layout_stronghold, serial_bayou,
          serial_bayou_crossing, serial_bayou_ford_a, serial_bayou_shore_b,
          serial_bayou_lake_a, minmay_evil_grid
Temple:   minmay_temple_bridge_d
Lair:1:   layout_regular_city, patterned_corridor, grunt_megastairs_4
Lair:2:   layout_small_grid, minivault_26, serial_bayou_shore_b,
          lemuel_fruit_fields
Lair:3:   layout_roguey, minmay_shoals_entry_centaurs,
          nicolae_snake_entry_squirm, nicolae_volcano_entry_vermiform,
          lemuel_fruit_fields, lemuel_fruit_tree, serial_bayou_shore_b
Lair:4:   layout_roguey, dpeg_slime_entry_enclosed, grunt_megastairs_5
Lair:5:   gammafunk_lair_ancient_temple, layout_hall_layers
Snake:1:  layout_basic, nicolae_snake_salamander_stairs, uniq_donald
Orc:1:    layout_caves, gammafunk_ghost_fury_of_okawaru, serial_shops,
          nicolae_shop_real_fake_doors, uniq_josephine
Orc:2:    st_orc_congregation, layout_diamond_mine, sword_in_stone

Skill      XL: |  1  2  3  4  5  6  7  8  9 10 11 12 13 14 15 16 |
---------------+-------------------------------------------------+-----
Stealth        | 2 3 5 6 7 8 9 |  9.8
Dodging        | 2 3 5 6 7 8 9 |  9.1
Fighting       | 1 2 5 6 7 8 9 |  9.6
Fire Magic     | 3 5 6 7 8 9 |  9.4
Conjurations   | 2 3 5 6 7 8 9 |  9.8
Spellcasting   | 3 5 6 7 8 9 |  9.1
Armour         | 3 4 |  4.0
Hexes          | 4 5 |  5.0
Short Blades   | 8 9 10 | 10.0
Invocations    | 1 3 4 6 7 8 9 10 | 10.2
Summonings     | 2 3 5 7 |  7.7
Poison Magic   | 2 5 6 |  6.4
Shields        | 1 3 4 |  4.9
Air Magic      | 1 3 5 6 |  6.5

Action                     |  1- 3 |  4- 6 |  7- 9 | 10-12 | 13-15 | 16-18 || total
---------------------------+-------+-------+-------+-------+-------+-------++-------
  Melee: Short sword       |    19 |       |       |    33 |    46 |       ||    98
         Unarmed           |     1 |       |       |       |       |       ||     1
         Dagger            |     6 |    31 |    31 |    87 |    84 |       ||   239
         Punch             |       |     1 |       |     2 |     1 |       ||     4
         Kick              |       |     4 |     4 |    39 |   117 |    33 ||   197
         Pair of quick bla |       |       |       |       |   212 |   102 ||   314
   Fire: Arbalest          |       |       |       |       |       |    26 ||    26
  Throw: Dart              |       |       |       |     3 |       |       ||     3
         Throwing net      |       |       |       |     1 |       |       ||     1
   Cast: Foxfire           |    45 |    36 |    36 |   123 |   257 |    11 ||   508
         Scorch            |    19 |    30 |    55 |   207 |   257 |    24 ||   592
         Flame Wave        |       |       |     2 |    14 |    38 |     3 ||    57
         Poisonous Vapours |       |       |       |    27 |    14 |     1 ||    42
         Inner Flame       |       |       |       |    18 |   108 |     9 ||   135
         Fulminant Prism   |       |       |       |     7 |     3 |     1 ||    11
         Summon Guardian G |       |       |       |     9 |    40 |     4 ||    53
         Olgreb's Toxic Ra |       |       |       |     1 |    10 |     2 ||    13
         Summon Lightning  |       |       |       |       |    40 |    10 ||    50
         Fireball          |       |       |       |       |     2 |       ||     2
         Iskenderun's Myst |       |       |       |       |       |     2 ||     2
 Invoke: Channel Magic     |       |       |       |     1 |     2 |       ||     3
         Divine Exegesis   |       |       |       |       |     2 |       ||     2
  Evoke: Wand              |       |       |       |     9 |     8 |       ||    17
         Lightning rod     |       |       |       |       |     2 |     3 ||     5
    Use: Scroll            |    10 |     2 |       |    23 |    11 |     2 ||    48
         Potion            |       |       |     3 |    11 |     8 |     5 ||    27
   Stab: Sleeping          |     4 |     2 |     5 |     1 |    17 |     4 ||    33
         Paralysed         |    10 |    12 |    10 |    22 |    69 |     5 ||   128
         Invisible         |       |       |       |     4 |       |       ||     4
         Distracted        |       |       |       |       |     2 |       ||     2
 Armour: Robe              |     5 |     4 |       |     2 |   125 |       ||   136
         Troll leather arm |       |     2 |    15 |    42 |    16 |    32 ||   107
  Dodge: Dodged            |    28 |    21 |    43 |   163 |   398 |    71 ||   724
